 Dungeon Crawl Stone Soup version 0.21.1-1-g345015f (webtiles) character file.

5385 Blackjack the Geomancer (level 10, -6/59 HPs)
             Began as a Gargoyle Earth Elementalist on Feb 6, 2018.
             Was a Believer of Vehumet.
             Mangled by Quirk's ghost (12 damage)
             ... on level 9 of the Dungeon.
             The game lasted 00:50:46 (10123 turns).

Blackjack the Geomancer (GrEE)                     Turns: 10123, Time: 00:50:48

Health: -6/59      AC: 22    Str: 12 (13) XL:     10   Next: 66%
Magic:  2/23       EV: 11    Int: 20      God:    Vehumet [**....]
Gold:   729        SH:  0    Dex: 10      Spells: 19/28 levels left

rFire    . . .     SeeInvis .   u - staff of wizardry
rCold    + . .     Gourm    .   (no shield)
rNeg     + . .     Faith    .   B - +3 leather armour {rPois}
rPois    ∞         Spirit   .   x - +1 hat
rElec    +         Reflect  .   (no cloak)
rCorr    .         Harm     .   G - +0 pair of gloves
MR       .....                  t - +1 pair of boots
Stlth    ++........             (no amulet)
HPRegen  0.19/turn              y - +4 ring of protection
MPRegen  0.18/turn              k - +3 ring of slaying

@: no status effects
A: cold resistance 1, deterioration 1, negative energy resistance 1, electricity
resistance, strong 1, wild magic 1, unbreathing, petrification resistance, rot
immunity, AC +7
a: Renounce Religion


You were on level 9 of the Dungeon.
You worshipped Vehumet.
Vehumet was pleased with you.
You were not hungry.

You visited 2 branches of the dungeon, and saw 10 of its levels.
You also visited: Sewer and Ossuary.

You collected 729 gold pieces.

Inventory:

Hand Weapons
 p - a +1 hunting sling of freezing
 q - a +1 quarterstaff
 z - a +4 flail of protection
Missiles
 b - 141 stones (quivered)
Armour
 t - a +1 pair of boots (worn)
 x - a +1 hat (worn)
 B - a +3 leather armour of poison resistance (worn)
 G - a +0 pair of gloves (worn)
Magical Staves
 u - an uncursed staff of wizardry (weapon)
Jewellery
 i - an uncursed ring of protection from magic
 k - a +3 ring of slaying (right hand)
 r - an uncursed amulet of faith
 s - an uncursed ring of protection from cold
 w - an uncursed ring of protection from fire
 y - a +4 ring of protection (left hand)
 A - an uncursed amulet of guardian spirit
Wands
 n - a wand of polymorph (6)
 J - a wand of acid (9)
 L - a wand of digging (5)
Scrolls
 f - 7 scrolls of identify
 g - 2 scrolls of amnesia
 h - 3 scrolls of remove curse
 j - 4 scrolls of blinking
 m - 2 scrolls of teleportation
 v - 2 scrolls of magic mapping
Potions
 a - 7 potions of curing
 l - 3 potions of might
 D - a potion of haste
 E - 4 potions of heal wounds
 F - 3 potions of lignification
 H - 2 potions of magic
 I - 2 potions of ambrosia
Books
 c - a book of Unlife

   Spells                             Type                      Level
   a - Recall                         Summoning/Translocation      3
   b - Animate Dead                   Necromancy                   4
   c - Borgnjor's Vile Clutch         Necromancy/Earth             5
   d - Death Channel                  Necromancy                   6
   e - Simulacrum                     Ice/Necromancy               6
 e - a book of Geomancy

   Spells                             Type                      Level
   a - Sandblast                      Earth                        1
   b - Passwall                       Transmutation/Earth          2
   c - Stone Arrow                    Conjuration/Earth            3
   d - Petrify                        Transmutation/Earth          4
   e - Lee's Rapid Deconstruction     Earth                        5
Miscellaneous
 C - a phantom mirror
Comestibles
 d - 18 rations
 o - a chunk of flesh


   Skills:
 + Level 5.3 Fighting
 - Level 1.9(3.3) Maces & Flails
 + Level 4.1(4.4) Staves
 + Level 5.2 Armour
 - Level 1.6 Dodging
 - Level 2.2 Stealth
 * Level 9.5 Spellcasting
 + Level 8.2 Conjurations
   Level 0.7 Transmutations
 + Level 10.0 Earth Magic


You had 19 spell levels left.
You knew the following spells:

 Your Spells              Type           Power        Failure   Level  Hunger
a - Sandblast             Erth           ######       1%          1    None
b - Stone Arrow           Conj/Erth      ######       1%          3    None
c - Lee's Rapid Deconstr  Erth           ######....   2%          5    #####..


Dungeon Overview and Level Annotations

Branches:
Dungeon (9/15)             Temple (1/1) D:4
   Lair: D:8-11         Orc: D:9-12

Altars:
Ashenzari
Cheibriados
Elyvilon
Fedhas
Gozag
Hepliaklqana
Kikubaaqudgha
Makhleb
Nemelex Xobeh
Okawaru
Qazlal
Ru
Sif Muna
Trog
Uskayaw
Vehumet
Wu Jian
Xom
Yredelemnul
Zin
The Shining One

Shops:
D:6 =

Annotations:
D:6 Prince Ribbit
D:9 Quirk's ghost, journeyman GnFi


Innate Abilities, Weirdness & Mutations

You are resistant to torment.
Your stone body is resilient. (AC +7)
You are immune to poison.
You resist negative energy. (rN+)
You are resistant to electric shocks. (rElec)
You can survive without breathing.
You are immune to petrification.
You are immune to rotting.
Your flesh is cold resistant. (rC+)
Your body sometimes deteriorates upon taking damage.
Your muscles are strong. (Str +2)
Your spells are a little harder to cast, but a little more powerful.


Message History

Quirk's ghost is almost destroyed.
The orc hits you but does no damage. The orc barely misses you.
Quirk's ghost hits you but does no damage.
You miss Quirk's ghost.
Quirk's ghost is almost destroyed.
The orc warrior closely misses you. The orc hits you but does no damage. x2
Quirk's ghost hits you!
Some of the chunks of flesh in your inventory have rotted away.
You miss Quirk's ghost.
Quirk's ghost is almost destroyed.
The orc warrior hits you but does no damage.
The orc hits you but does no damage. x2
Quirk's ghost hits you but does no damage.
You barely miss Quirk's ghost.
Quirk's ghost is almost destroyed.
The orc warrior hits you from afar with a trident!
* * * LOW HITPOINT WARNING * * *
The orc barely misses you. The orc hits you but does no damage.
Quirk's ghost hits you!
You die...

..# ..# ...# . .).#..
######......
#.....o.....
#..ooW......
#...@##### #..[.#...#
#........#
#........#.....##
#........#......
#........#......
#...(#...#......
#....#...##....######
#....#...............


You could see an orc warrior, Quirk's ghost and 2 orcs.

Vanquished Creatures
  6 humans (D:7)
  Edmund (D:6)
  An orc warrior (D:8)
  2 ogres
  A phantom (D:6)
  A centaur (D:9)
  A big kobold (D:9)
  4 bullfrogs
  A gnoll sergeant (D:5)
  A scorpion (D:8)
  3 wights (D:8)
  5 howler monkeys
  2 crimson imps
  A centaur zombie (D:8)
  A hound (D:5)
  6 orc priests
  A jelly (D:9)
  2 bullfrog skeletons
  5 iguanas
  5 orc wizards
  5 worker ants
  A killer bee zombie (D:6)
  A hound skeleton (D:5)
  8 mummies (Ossuary)
  2 worker ant zombies (D:8)
  2 howler monkey zombies
  8 adders
  4 gnolls (D:5)
  2 shadow imps
  3 oozes
  An adder zombie (D:6)
  4 worms
  A dart slug (D:1)
  5 leopard geckos
  25 orcs
  9 giant cockroaches
  A gnoll zombie (Ossuary)
  6 goblins
  7 hobgoblins
  5 jackals (D:2)
  13 kobolds
  9 quokkas
  2 ball pythons (Sewer)
  2 bats
  13 frilled lizards
  3 hobgoblin zombies (Ossuary)
  2 kobold zombies (Ossuary)
  2 leopard gecko skeletons
  2 orc zombies (Ossuary)
  A quokka skeleton (D:9)
  2 quokka zombies
  7 rats
208 creatures vanquished.

Vanquished Creatures (others)
  A fungus (D:6)
1 creature vanquished.

Grand Total: 209 creatures vanquished

Notes
Turn   | Place    | Note
-------+----------+-------------------------------------------
     0 | D:1      | Blackjack the Gargoyle Earth Elementalist began the quest for the Orb.
     0 | D:1      | Reached XP level 1. HP: 10/10 MP: 3/3
   156 | D:1      | Reached skill level 4 in Earth Magic
   236 | D:1      | Reached XP level 2. HP: 15/15 MP: 3/5
   945 | D:2      | Reached XP level 3. HP: 20/20 MP: 3/6
   950 | D:2      | Learned a level 3 spell: Stone Arrow
  1169 | D:2      | Found a glowing silver altar of Zin.
  1215 | D:2      | Reached skill level 1 in Armour
  1222 | D:2      | Reached skill level 1 in Fighting
  1308 | D:2      | Reached skill level 1 in Maces & Flails
  1375 | D:2      | HP: 1/20 [adder (4)]
  1766 | D:2      | Reached XP level 4. HP: 25/25 MP: 7/7
  2574 | D:3      | Found a glowing drain.
  2589 | Sewer    | Entered a sewer
  2896 | Sewer    | Noticed a bullfrog
  2909 | Sewer    | Gained mutation: Your flesh is cold resistant. (rC+) [potion of mutation]
  2909 | Sewer    | Gained mutation: Your spells are a little harder to cast, but a little more powerful. [potion of mutation]
  2909 | Sewer    | Gained mutation: Your body sometimes deteriorates upon taking damage. [potion of mutation]
  2909 | Sewer    | Gained mutation: Your muscles are strong. (Str +2) [potion of mutation]
  2928 | Sewer    | Killed a bullfrog
  2928 | Sewer    | Reached XP level 5. HP: 30/30 MP: 7/9
  3256 | D:4      | Learned a level 5 spell: Lee's Rapid Deconstruction
  3337 | D:4      | Noticed an ogre
  3580 | D:4      | Noticed an ogre
  3590 | D:4      | Killed an ogre
  3590 | D:4      | Reached skill level 1 in Staves
  3590 | D:4      | Reached skill level 5 in Earth Magic
  3590 | D:4      | Reached XP level 6. HP: 36/36 MP: 7/10
  3822 | D:4      | Found a staircase to the Ecumenical Temple.
  3852 | Temple   | Entered the Ecumenical Temple
  4548 | D:5      | Entered Level 5 of the Dungeon
  4592 | D:5      | Found an opulent altar of Gozag.
  4774 | D:5      | Reached skill level 1 in Conjurations
  4774 | D:5      | Reached XP level 7. HP: 33/40 MP: 10/12
  5791 | D:6      | Found a shimmering altar of Xom.
  5844 | D:6      | Reached XP level 8. HP: 47/47 MP: 3/13
  6197 | D:6      | Found a radiant altar of Vehumet.
  6203 | D:6      | Became a worshipper of Vehumet
  6225 | D:6      | Reached skill level 6 in Earth Magic
  6277 | D:6      | Found a shattered altar of Ashenzari.
  6298 | D:6      | Found Xoczoaqi's Jewellery Shop.
  6321 | D:6      | Noticed Prince Ribbit
  6437 | D:6      | Noticed Edmund
  6450 | D:6      | Killed Edmund
  6476 | D:6      | Found a shattered altar of Ashenzari.
  6480 | D:6      | Saw a vision of the Swamp and the Spider Nest.
  6480 | D:6      | Noticed a redback
  6480 | D:6      | Noticed a redback
  6480 | D:6      | Noticed a hornet
  6480 | D:6      | Noticed a wolf spider
  6480 | D:6      | Noticed a wolf spider
  6480 | D:6      | Noticed a redback
  6480 | D:6      | Noticed a wolf spider
  6480 | D:6      | Noticed a wolf spider
  6480 | D:6      | Noticed a redback
  6480 | D:6      | Noticed an alligator
  6482 | D:6      | Noticed a redback
  7083 | D:7      | Reached XP level 9. HP: 35/52 MP: 5/16
  7097 | D:7      | Reached skill level 5 in Spellcasting
  7172 | D:7      | Found a sand-covered staircase.
  7181 | Ossuary  | Entered an ossuary
  7389 | Ossuary  | Reached * piety under Vehumet
  7389 | Ossuary  | Offered knowledge of Shock by Vehumet.
  7870 | Ossuary  | Reached skill level 9 in Earth Magic
  7870 | Ossuary  | Reached XP level 10. HP: 58/58 MP: 16/23
  8318 | D:7      | Reached skill level 5 in Fighting
  8318 | D:7      | Reached skill level 5 in Armour
  9008 | D:8      | Found a blossoming altar of Fedhas.
  9030 | D:8      | Reached skill level 10 in Earth Magic
  9447 | D:8      | Reached ** piety under Vehumet
  9447 | D:8      | Offered knowledge of Throw Frost by Vehumet.
 10108 | D:9      | Noticed Quirk's ghost (journeyman GnFi)
 10123 | D:9      | Mangled by Quirk's ghost

Skill      XL: |  1  2  3  4  5  6  7  8  9 10 |
---------------+-------------------------------+-----
Earth Magic    | 4 5 6 9 10 | 10.0
Armour         | 1 2 3 4 5 |  5.2
Fighting       | 1 2 3 4 5 |  5.3
Maces & Flails | 1 |  1.9
Staves         | 1 2 3 4 |  4.1
Spellcasting   | 3 4 9 |  9.5
Conjurations   | 1 3 4 8 |  8.2
Dodging        | |  1.6
Stealth        | |  2.2
Transmutations | |  0.7

Action                   |  1- 3 |  4- 6 |  7- 9 | 10-12 || total
-------------------------+-------+-------+-------+-------++-------
Melee: Club              |     3 |       |       |       ||     3
       Whip              |    42 |   111 |       |       ||   153
       Quarterstaff      |       |    22 |       |       ||    22
       Staff             |       |    61 |   275 |   128 ||   464
 Cast: Sandblast         |    34 |    26 |    34 |       ||    94
       Stone Arrow       |       |       |    54 |    56 ||   110
  Use: Potion            |       |     4 |     7 |     1 ||    12
       Scroll            |       |     7 |       |     6 ||    13
 Stab: Sleeping          |     1 |     2 |       |     4 ||     7
  Eat: Chunk             |     3 |     3 |     9 |     6 ||    21
       Ration            |       |     2 |     2 |       ||     4
Armor: Robe              |    17 |    57 |    37 |       ||   111
       Skin              |       |    20 |       |       ||    20
       Leather armour    |       |       |    92 |    74 ||   166
Dodge: Dodged            |    45 |   114 |   142 |    82 ||   383
